 Dungeon Crawl Stone Soup version 0.29.1-1-gd02db69 (webtiles) character file.

Game seed: 11077999533302685078

49 Kel the Chopper (level 3, -1/23 HPs)
             Began as a Gargoyle Berserker on Nov 27, 2022.
             Was a Believer of Trog.
             Slain by a phantom (6 damage)
             ... on level 4 of the Dungeon.
             The game lasted 00:01:32 (1368 turns).

Kel the Chopper (Gargoyle Berserker)                Turns: 1368, Time: 00:01:32

Health: -1/23      AC:  5    Str: 22    XL:     3   Next: 77%
Magic:  3/3        EV: 11    Int:  7    God:    Trog [**....]
Gold:   83         SH:  0    Dex:  9    Spells: 2/2 levels left

rFire   . . .      SeeInvis .   a - +0 hand axe
rCold   . . .      Faith    .   (no shield)
rNeg    + . .      Spirit   .   b - +0 animal skin
rPois   ∞          Reflect  .   (no helmet)
rElec   +          Harm     .   (no cloak)
rCorr   .          Rampage  .   (no gloves)
Will    .....                   (no boots)
Stlth   +.........              (no amulet)
HPRegen 0.07/turn               (no ring)
MPRegen 0.08/turn               (no ring)

@: no status effects
A: sickness immunity, AC +3, negative energy resistance 1, electricity
resistance, torment resistance 1, petrification resistance
a: Renounce Religion, Berserk, Trog's Hand


You were on level 4 of the Dungeon.
You worshipped Trog.
Trog was pleased with you.
You visited 1 branch of the dungeon, and saw 3 of its levels.

You collected 83 gold pieces.

Inventory:

Hand Weapons
 a - a +0 hand axe (weapon)
Armour
 b - a +0 animal skin (worn)
Scrolls
 c - a scroll of amnesia {unknown}
Potions
 d - a potion of haste {unknown}
 e - 2 potions of attraction {unknown}
 f - a potion of curing {unknown}
 g - a potion of degeneration {unknown}


   Skills:
 - Level 3.2 Fighting
 + Level 4.2 Axes
 - Level 2.1 Armour
 - Level 1.5 Dodging


You had 2 spell levels left.
You didn't know any spells.
Your spell library was empty.

Dungeon Overview and Level Annotations

Branches:
Dungeon (2/15)

Altars:
Elyvilon
Uskayaw
Yredelemnul


Innate Abilities, Weirdness & Mutations

You are immune to sickness and miasma.
Your stone body is resilient. (AC +3)
You are immune to poison.
You resist negative energy. (rN+)
You are resistant to electric shocks. (rElec)
You are resistant to unholy torment.
You are immune to petrification.


Message History

You are too injured to fight recklessly!
You are too injured to fight recklessly!
You are too injured to fight recklessly!
You are too injured to fight recklessly!
You are too injured to fight recklessly!
You are too injured to fight recklessly!
You are too injured to fight recklessly!
You are too injured to fight recklessly!
You closely miss the phantom.
The phantom is lightly damaged.
The phantom barely misses you.
You hit the phantom.
The phantom is moderately damaged.
The phantom hits you but does no damage.
You hit the phantom.
The phantom is heavily damaged.
The phantom barely misses you.
You hit the phantom.
The phantom is severely damaged.
The phantom hits you.
The phantom blinks!
You blink.
You hit the phantom.
The phantom is severely damaged.
The phantom hits you.
The phantom blinks!
You blink.
The phantom barely misses you.
You barely miss the phantom.
The phantom is severely damaged.
The phantom closely misses you.
You closely miss the phantom.
The phantom is severely damaged.
The phantom hits you but does no damage.
You closely miss the phantom.
The phantom is severely damaged.
The phantom hits you.
You closely miss the phantom.
The phantom is severely damaged.
The phantom hits you.
* * * LOW HITPOINT WARNING * * *
The phantom blinks!
You blink.
The phantom attacks as you move away! The phantom hits you.
You die...

### ##_##
####.§.####
##....§....##
#.@##...##..###
#_.W###_._###.._#
###..#######.)###
##.........##
#.#### #+#


You could see a phantom.

Vanquished Creatures
  An adder (D:2)
  A gnoll (D:1)
  A dart slug (D:1)
  6 ball pythons
  4 bats
  2 endoplasms
  A giant cockroach (D:2)
  3 goblins
  3 hobgoblins (D:1)
  A quokka (D:1)
  A frilled lizard (D:1)
  2 kobolds (D:1)
  2 rats
28 creatures vanquished.

Notes
Turn   | Place    | Note
-------+----------+-------------------------------------------
     0 | D:1      | Kel the Gargoyle Berserker began the quest for the Orb.
     0 | D:1      | Reached XP level 1. HP: 14/14 MP: 1/1
   177 | D:1      | Reached skill level 3 in Axes
   236 | D:1      | Reached XP level 2. HP: 19/19 MP: 2/2
   482 | D:1      | Reached XP level 3. HP: 22/23 MP: 3/3
   689 | D:1      | Reached ** piety under Trog
   968 | D:2      | Reached skill level 4 in Axes
  1339 | D:2      | You fall into a shaft and drop 2 floors!
  1339 | D:4      | Found a white marble altar of Elyvilon.
  1339 | D:4      | Found a faded altar of an unknown god.
  1339 | D:4      | Found a hide-covered altar of Uskayaw.
  1339 | D:4      | Found a basalt altar of Yredelemnul.
  1340 | D:4      | Found a faded altar of an unknown god.
  1349 | D:4      | Noticed a phantom
  1368 | D:4      | Slain by a phantom

Illustrated notes

Levels and vault maps discovered:
D:1:      psy_arrival_conway, layout_rooms
D:2:      layout_basic, serial_co_window_serial, co_window_corner_a,
          co_window_corner_a, co_window_paths_a, co_window_corner_a,
          co_window_corner_a, co_window_broadway_b, co_window_corner_cb,
          co_window_of_opportunity_c, co_window_4corner_a, glass_columns_c,
          glass_columns_a, glass_columns_a
D:4:      kennysheep_six_static_rooms, layout_rooms,
          chequers_temple_overflow_minitemple, gup_sewer_entry_bowl,
          minmay_misc_feat_hallway

Skill      XL: |  1  2  3 |
---------------+----------+-----
Axes           | 3 4 |  4.2
Fighting       | |  3.2
Armour         | |  2.1
Dodging        | |  1.5

Action                   || total
-------------------------++-------
Melee: Hand axe          ||   106
       Punch             ||     1
Armor: Animal skin       ||    42
Dodge: Dodged            ||    60
